 Dungeon Crawl Stone Soup version 0.22.0-60-ga52c2fcf6e (webtiles) character file.

134 JedernureinKreuz the Conjurer (level 5, -3/37 HPs)
             Began as a Gnoll Conjurer on Sept 10, 2018.
             Slain by an orc
             ... wielding a +0 flail
              (7 damage)
             ... on level 3 of the Dungeon.
             The game lasted 00:08:41 (2063 turns).

JedernureinKreuz the Conjurer (Gnoll Conjurer)      Turns: 2063, Time: 00:08:41

Health: -3/37      AC:  4    Str: 11    XL:     5   Next: 17%
Magic:  1/12       EV: 14    Int: 18    God:
Gold:   139        SH:  0    Dex: 15    Spells: 13/14 levels left

rFire    . . .     SeeInvis .   e - -1 hunting sling (curse)
rCold    . . .     Gourm    .   (no shield)
rNeg     . . .     Faith    .   d - +1 leather armour
rPois    .         Spirit   .   (no helmet)
rElec    .         Reflect  .   (no cloak)
rCorr    .         Harm     .   (no gloves)
MR       .....                  (no boots)
Stlth    +++.......             s - amulet of regeneration
HPRegen  0.52/turn              (no ring)
MPRegen  0.13/turn              (no ring)

@: no status effects
A: distributed training, fangs 1, strong nose
a: no special abilities


You were on level 3 of the Dungeon.
You were not hungry.

You visited 1 branch of the dungeon, and saw 3 of its levels.

You collected 139 gold pieces.

Inventory:

Hand Weapons
 e - a cursed -1 hunting sling (weapon)
 f - a +2 dagger of venom
 i - a +2 dagger of venom
 j - a +0 short sword
Missiles
 b - 4 sling bullets (quivered)
 o - 60 arrows
 y - 11 stones
Armour
 a - a +0 robe
 d - a +1 leather armour (worn)
 g - a +0 leather armour
Jewellery
 n - a +1 ring of slaying {unknown}
 q - a +6 ring of strength {unknown}
 s - an amulet of regeneration (around neck)
 t - a cursed ring of teleportation {unknown}
Wands
 h - a wand of paralysis (20)
 u - a wand of clouds (2)
Scrolls
 k - a scroll of amnesia
 v - a scroll of identify
Potions
 l - a potion of might
 m - a potion of berserk rage {unknown}
 p - a potion of curing {unknown}
 r - 2 potions of haste {unknown}
 x - 2 potions of resistance {unknown}
Comestibles
 c - 4 rations
 w - 5 chunks of flesh


   Skills:
 + Level 1.3 Fighting
 + Level 1.3 Short Blades
 + Level 1.3 Long Blades
 + Level 1.3 Axes
 + Level 1.3 Maces & Flails
 + Level 1.3 Polearms
 + Level 1.3 Staves
 + Level 1.3 Slings
 + Level 1.3 Bows
 + Level 1.3 Crossbows
 + Level 1.3 Throwing
 + Level 1.3 Armour
 + Level 4.7 Dodging
 + Level 4.3 Stealth
 + Level 1.3 Shields
 + Level 1.3 Unarmed Combat
 + Level 5.1 Spellcasting
 + Level 7.1 Conjurations
 + Level 1.1 Hexes
 + Level 1.1 Charms
 + Level 1.1 Summonings
 + Level 1.1 Necromancy
 + Level 1.1 Translocations
 + Level 1.1 Transmutations
 + Level 1.1 Fire Magic
 + Level 1.1 Ice Magic
 + Level 1.1 Air Magic
 + Level 1.1 Earth Magic
 + Level 1.1 Poison Magic
 + Level 1.5 Invocations
 + Level 1.3 Evocations


You had 13 spell levels left.
You knew the following spells:

 Your Spells              Type           Power        Failure   Level  Hunger
a - Magic Dart            Conj           ####         1%          1    None

Your spell library contained the following spells:

 Spells                   Type           Power        Failure   Level  Hunger
 Searing Ray              Conj           ####..       1%          2    #......
 Iskenderun's Mystic Bla  Conj           ####....     9%          4    ####...
 Dazzling Spray           Conj/Hex       ###...       10%         3    ##.....
 Force Lance              Conj/Tloc      ###.....     30%         4    ####...
 Fulminant Prism          Conj/Hex       ###.......   30%         4    ####...


Dungeon Overview and Level Annotations

Branches:
Dungeon (3/15)

Altars:
Cheibriados
Nemelex Xobeh
Ru
The Shining One


Innate Abilities, Weirdness & Mutations

Your experience applies equally to all skills.
You have very sharp teeth.
Your uncanny sense of smell can sniff out nearby items.


Message History

The sling bullet hits the orc warrior but does no damage.
The orc warrior is almost dead.
The orc barely misses you. x2
Firing (i - inventory. (/) - cycle)
b - 6 sling bullets (quivered)
Press: ? - help, Shift-Dir - straight line, f/p - orc warrior
Aim: an orc warrior, wielding a war axe and wearing a plate armour (almost You shoot a sling bullet.
The sling bullet hits the orc warrior but does no damage.
The orc warrior is almost dead.
The orc warrior barely misses you. The orc hits you with a flail.
* * * LOW HITPOINT WARNING * * *
The orc completely misses you.
Firing (i - inventory. (/) - cycle)
b - 5 sling bullets (quivered)
Press: ? - help, Shift-Dir - straight line, f/p - orc warrior
Aim: an orc warrior, wielding a war axe and wearing a plate armour (almost You shoot a sling bullet.
The sling bullet hits the orc warrior but does no damage.
The orc warrior is almost dead.
The orc warrior closely misses you. The orc hits you with a flail!
You die...

...................
###...............)
..................#
#####............##
#...........#..
#.....8...8...8
#.......#...#..
...##.oo...###.###.
....(.o@....# ..#
...##()...8...8...
......(##...#...#..
....... ...###.# #.
...#.#(.....# ..
...#.#. .8... ..
.... ..... #. .#
..##


You could see an orc warrior and 2 orcs.

Vanquished Creatures
  An orc wizard (D:2)
  3 adders (D:2)
  An ooze (D:2)
  2 worms
  A dart slug (D:1)
  A leopard gecko (D:3)
  2 orcs (D:3)
  A ball python (D:2)
  2 giant cockroaches
  5 goblins
  9 hobgoblins
  4 jackals (D:1)
  A quokka (D:2)
  7 bats
  5 frilled lizards
  12 kobolds
  6 rats
63 creatures vanquished.

Vanquished Creatures (others)
  A kobold (D:3)
1 creature vanquished.

Grand Total: 64 creatures vanquished

Notes
Turn   | Place    | Note
-------+----------+-------------------------------------------
     0 | D:1      | JedernureinKreuz the Gnoll Conjurer began the quest for the
                  | Orb.
     0 | D:1      | Reached XP level 1. HP: 13/13 MP: 6/6
   214 | D:1      | Reached XP level 2. HP: 19/19 MP: 3/7
   416 | D:1      | Reached XP level 3. HP: 23/25 MP: 7/9
   462 | D:1      | Reached skill level 5 in Spellcasting
   821 | D:2      | Found a snail-covered altar of Cheibriados.
   924 | D:2      | Reached skill level 1 in Invocations
   931 | D:2      | Found a sacrificial altar of Ru.
  1116 | D:2      | Reached skill level 1 in Fighting
  1116 | D:2      | Reached skill level 1 in Short Blades
  1116 | D:2      | Reached skill level 1 in Long Blades
  1116 | D:2      | Reached skill level 1 in Axes
  1116 | D:2      | Reached skill level 1 in Maces & Flails
  1116 | D:2      | Reached skill level 1 in Polearms
  1116 | D:2      | Reached skill level 1 in Staves
  1116 | D:2      | Reached skill level 1 in Slings
  1116 | D:2      | Reached skill level 1 in Bows
  1116 | D:2      | Reached skill level 1 in Crossbows
  1116 | D:2      | Reached skill level 1 in Throwing
  1116 | D:2      | Reached skill level 1 in Armour
  1116 | D:2      | Reached skill level 1 in Shields
  1116 | D:2      | Reached skill level 1 in Unarmed Combat
  1116 | D:2      | Reached skill level 1 in Evocations
  1235 | D:2      | Reached XP level 4. HP: 32/32 MP: 7/11
  1523 | D:2      | Found a sparkling altar of Nemelex Xobeh.
  1586 | D:2      | Found a glowing golden altar of the Shining One.
  1863 | D:3      | Reached skill level 1 in Hexes
  1863 | D:3      | Reached skill level 1 in Charms
  1863 | D:3      | Reached skill level 1 in Summonings
  1863 | D:3      | Reached skill level 1 in Necromancy
  1863 | D:3      | Reached skill level 1 in Translocations
  1863 | D:3      | Reached skill level 1 in Transmutations
  1863 | D:3      | Reached skill level 1 in Fire Magic
  1863 | D:3      | Reached skill level 1 in Ice Magic
  1863 | D:3      | Reached skill level 1 in Air Magic
  1863 | D:3      | Reached skill level 1 in Earth Magic
  1863 | D:3      | Reached skill level 1 in Poison Magic
  1909 | D:2      | Reached XP level 5. HP: 3/37 MP: 2/12
  2046 | D:3      | Noticed an orc warrior
  2063 | D:3      | Slain by an orc

Skill      XL: |  1  2  3  4 |
---------------+-------------+-----
Spellcasting   | 5 |  5.1
Invocations    | 1 |  1.5
Fighting       | 1 |  1.3
Short Blades   | 1 |  1.3
Long Blades    | 1 |  1.3
Axes           | 1 |  1.3
Maces & Flails | 1 |  1.3
Polearms       | 1 |  1.3
Staves         | 1 |  1.3
Slings         | 1 |  1.3
Bows           | 1 |  1.3
Crossbows      | 1 |  1.3
Throwing       | 1 |  1.3
Armour         | 1 |  1.3
Shields        | 1 |  1.3
Unarmed Combat | 1 |  1.3
Evocations     | 1 |  1.3
Hexes          | 1 |  1.1
Charms         | 1 |  1.1
Summonings     | 1 |  1.1
Necromancy     | 1 |  1.1
Translocations | 1 |  1.1
Transmutations | 1 |  1.1
Fire Magic     | 1 |  1.1
Ice Magic      | 1 |  1.1
Air Magic      | 1 |  1.1
Earth Magic    | 1 |  1.1
Poison Magic   | 1 |  1.1
Dodging        | |  4.7
Stealth        | |  4.3
Conjurations   | |  7.1

Action                   |  1- 3 |  4- 6 || total
-------------------------+-------+-------++-------
 Fire: Hunting sling     |    38 |    18 ||    56
 Cast: Magic Dart        |    46 |    55 ||   101
  Use: Scroll            |     5 |       ||     5
       Potion            |       |     1 ||     1
  Eat: Chunk             |     1 |     2 ||     3
Armor: Leather armour    |     2 |     5 ||     7
Dodge: Dodged            |    16 |    34 ||    50
